 Dungeon Crawl Stone Soup version 0.14-a0-1546-g4b4961f (webtiles) character file.

5662 Drahman the Conjurer (level 10, -16/50 HPs)
             Began as a Deep Elf Wizard on Dec 18, 2013.
             Was a Follower of Vehumet.
             Demolished by a red devil
             ... wielding a +0,+0 flail
              (21 damage)
             ... on Level 9 of the Dungeon.
             The game lasted 00:40:06 (10632 turns).

Drahman the Conjurer (Deep Elf Wizard)             Turns: 10632, Time: 00:40:06

HP -16/50        AC 11     Str  6      XL: 10   Next: 37%
MP  19/31        EV 16     Int 27      God: Vehumet [*.....]
Gold 363         SH  0     Dex 13      Spells:  4 memorised, 20 levels left

rFire  . . .     SeeInvis +     H - +1,+3 orc falchion (protect)
rCold  . . .     Clarity  .     a - +0 elf robe
rNeg   . . .     Conserve .     (no shield)
rPois  .         rCorr    .     e - +2 helmet of Prain {Dam+6 SInv}
rElec  +         rRot     .     (no cloak)
SustAb . .       Spirit   .     o - +0 pair of elf gloves (curse)
rMut   +         Warding  .     (no boots)
Saprov . . .     RndTele  +     t - cursed amulet of resist mutation
                                (no ring)
                                w - ring of sustenance

@: burdened, slow, somewhat resistant to hostile enchantments, unstealthy
A: talons 1, electricity resistance, spit poison 1, strong 1, teleportitis 1
a: Spit Poison, Renounce Religion


You were on level 9 of the Dungeon.
You worshipped Vehumet.
Vehumet was aware of your devotion.
You were encumbered.
You were hungry.

You visited 2 branches of the dungeon, and saw 10 of its levels.
You also visited: Sewer.

You collected 506 gold pieces.
You spent 143 gold pieces at shops.

Inventory:

Hand weapons
 p - the +7,+8 long sword of Ofruycs {slice, rPois rF- MR++ Str+4 Dex+3}
   (You found it on level 5 of the Dungeon)

   It inflicts extra damage upon your enemies.
   It affects your strength (+4).
   It affects your dexterity (+3).
   It makes you vulnerable to fire.
   It protects you from poison.
   It affects your resistance to hostile enchantments.
 H - a +1,+3 orcish falchion of protection (weapon)
Armour
 a - a +0 elven robe (worn)
 e - the cursed +2 helmet of Prain (worn) {Dam+6 SInv}
   (You found it on level 4 of the Dungeon)

   It affects your damage-dealing abilities (+6).
   It enhances your eyesight.
   It has a curse placed upon it.
 o - a cursed +0 pair of elven gloves (worn)
Magical devices
 g - a wand of draining (6)
 m - a wand of random effects (9)
 x - a wand of digging (10)
 K - a wand of draining (3)
Comestibles
 b - 4 royal jellies
 d - 5 bread rations
 k - 3 meat rations
 r - 13 strawberries
 z - a choko
 L - 3 rotting chunks of orc flesh
Scrolls
 h - 2 scrolls of enchant weapon II
 i - 3 scrolls of identify
 l - a scroll of amnesia
 q - 3 scrolls of remove curse
 v - a scroll of immolation
 A - 2 scrolls of teleportation
 C - a scroll of magic mapping
Jewellery
 j - an uncursed ring of ice
 t - a cursed amulet of resist mutation (around neck)
 w - a ring of sustenance (left hand)
Potions
 f - 7 potions of curing
 s - 3 potions of might
 u - a potion of resistance
 D - 3 potions of heal wounds
 J - a potion of lignification
Books
 c - a book of Minor Magic

   Spells                             Type                      Level
   *Magic Dart                        Conjuration                  1
   *Blink                             Translocation                2
   Call Imp                           Summoning                    2
   Repel Missiles                     Charms/Air                   2
   Slow                               Hexes                        2
   *Conjure Flame                     Conjuration/Fire             3
   *Mephitic Cloud                    Conjuration/Poison/Air       3
 E - a book of Dreams

   Spells                             Type                      Level
   Ensorcelled Hibernation            Hexes/Ice                    2
   Flight                             Charms/Air                   3
   Phase Shift                        Translocation                5
   Shadow Creatures                   Summoning                    5
   Mass Confusion                     Hexes                        6
   Darkness                           Hexes                        7
 F - a book of Unlife

   Spells                             Type                      Level
   Recall                             Summoning/Translocation      3
   Animate Dead                       Necromancy                   4
   Control Undead                     Necromancy                   4
   Twisted Resurrection               Necromancy                   5
   Death Channel                      Necromancy                   6
   Simulacrum                         Ice/Necromancy               6


   Skills:
 + Level 7.6 Dodging
 - Level 2.4 Stealth
 + Level 10.3 Spellcasting
 * Level 11.1 Conjurations
   Level 1.1 Summonings
 - Level 3.9 Translocations
 - Level 6.0 Fire Magic


You had 20 spell levels left.
You knew the following spells:

 Your Spells              Type           Power        Failure   Level  Hunger
a - Magic Dart            Conj           ####         1%          1    None
b - Blink                 Tloc           N/A          1%          2    None
c - Conjure Flame         Conj/Fire      ######..     1%          3    None
d - Mephitic Cloud        Conj/Pois/Air  ####....     2%          3    None


Dungeon Overview and Level Annotations

Branches:
Dungeon (9/16)             Temple (1/1) D:7
    Orc: D:9-12        Lair: D:8-11

Altars:
Ashenzari
Cheibriados
Elyvilon
Fedhas
Kikubaaqudgha
Makhleb
Nemelex Xobeh
Okawaru
Sif Muna
Trog
Vehumet
Xom
Yredelemnul
Zin
the Shining One

Shops:
D:4 *   D:6 (


Innate Abilities, Weirdness & Mutations

You have sharp toenails.
You are resistant to electric shocks.
You can spit poison.
Your muscles are strong. (Str +2)
Space occasionally distorts in your vicinity.


Message History

The worker ant barely misses you.
Casting: Magic Dart
Confirm with . or Enter, or press ? or * to list all spells.
Aiming: Magic Dart
Press: ? - help, Shift-Dir - straight line, f/p - iguana
Aim: an iguana (almost dead, bewildered and confused)
The magic dart hits the iguana.
The iguana is almost dead.
The red devil hits you with a flail! The worker ant closely misses you.
The red devil closely misses you. The worker ant barely misses you.
The red devil hits you with a flail!
The red devil hits you with an orcish hand axe!
* * * LOW HITPOINT WARNING * * *
The worker ant bites you.
* * * LOW HITPOINT WARNING * * *
The hungry ghost hits you.
* * * LOW HITPOINT WARNING * * *
You are feeling hungry.
The red devil hits you with a flail!
You die...

. ..#.
...#.###
..(...##
...≈§.# # .
#..≈≈.#.#.≈
#..........
#.Z44...#
#@a# #p.#
#....
.......
.l.....#
........#
........
..?.....
...


You could see a hungry ghost, 2 red devils, an iguana (confused), a worker ant
and a hill giant zombie.

Vanquished Creatures
  Erolcha (D:8)
  Pikel (D:7)
  A troll (D:8)
  Prince Ribbit (D:7)
  A wyvern (D:8)
  A hippogriff (D:7)
  Eustachio (D:4)
  A necrophage (D:8)
  A hungry ghost (D:7)
  A black bear (D:8)
  A slave (D:7)
  A giant goldfish (D:2)
  2 phantoms
  3 sky beasts
  3 orc warriors (D:8)
  A crocodile (Sewer)
  3 ogres
  4 centaurs
  A manticore skeleton (D:7)
  3 giant frogs
  A yak skeleton (D:8)
  3 jellyfish (D:2)
  4 crimson imps
  4 wights (D:6)
  A hound (D:5)
  5 jellies
  7 orc wizards
  3 big fish (D:2)
  2 orc priests
  A water moccasin skeleton (D:7)
  2 worker ants
  Ijyb (D:5)
  An ogre skeleton (D:4)
  An ogre zombie (D:7)
  A hound skeleton (D:8)
  2 mummies
  7 adders
  A giant centipede (D:4)
  A green rat (D:8)
  12 worms
  An iguana zombie (D:5)
  An adder skeleton (D:4)
  3 grey rats (D:4)
  8 giant geckos
  5 oozes (D:8)
  28 orcs
  A ball python (D:2)
  A bat skeleton (D:5)
  5 giant cockroaches
  18 hobgoblins
  12 jackals
  6 quokkas
  19 bats
  A giant gecko skeleton (D:4)
  8 giant newts
  A giant spore (D:7)
  15 goblins
  A hobgoblin zombie (D:5)
  13 kobolds
  A kobold skeleton (D:8)
  2 orc skeletons (D:5)
  12 rats
  A rat zombie (D:7)
  4 ballistomycetes (D:7)
259 creatures vanquished.

Vanquished Creatures (others)
  2 slaves (D:7)
  An ice beast (D:7)
  A giant frog (D:7)
  A giant centipede zombie (D:7)
  2 giant spores (D:7)
7 creatures vanquished.

Grand Total: 266 creatures vanquished

Notes
Turn   | Place    | Note
--------------------------------------------------------------
     0 | D:1      | Drahman, the Deep Elf Wizard, began the quest for the Orb.
     0 | D:1      | Reached XP level 1. HP: 10/10 MP: 6/6
   487 | D:1      | Reached XP level 2. HP: 15/15 MP: 1/10
   491 | D:1      | Learned a level 2 spell: Blink
  1117 | D:2      | Reached skill level 5 in Spellcasting
  1117 | D:2      | Reached XP level 3. HP: 19/19 MP: 3/14
  1122 | D:2      | Learned a level 3 spell: Conjure Flame
  1126 | D:2      | Learned a level 3 spell: Mephitic Cloud
  1727 | D:2      | Noticed a jellyfish
  1731 | D:2      | Noticed a jellyfish
  1735 | D:2      | Killed a jellyfish
  1735 | D:2      | Reached XP level 4. HP: 22/24 MP: 8/17
  1738 | D:2      | Noticed a giant goldfish
  1942 | D:2      | Killed a jellyfish
  1942 | D:2      | Reached skill level 1 in Fire Magic
  1949 | D:2      | Noticed a jellyfish
  1949 | D:2      | Reached XP level 5. HP: 15/28 MP: 4/19
  2082 | D:2      | Killed a jellyfish
  2207 | D:2      | Killed a giant goldfish
  2207 | D:2      | Reached skill level 6 in Spellcasting
  2207 | D:2      | Reached XP level 6. HP: 12/32 MP: 3/22
  2802 | D:2      | Gained mutation: You can spit poison. [potion of beneficial mutation]
  2803 | D:2      | Gained mutation: Your muscles are strong. (Str +2) [potion of beneficial mutation]
  2805 | D:2      | Gained mutation: Space occasionally distorts in your vicinity. [potion of mutation]
  2805 | D:2      | Gained mutation: You have sharp toenails. [potion of mutation]
  3008 | D:3      | Reached skill level 5 in Conjurations
  3086 | D:3      | Found a burning altar of Makhleb.
  3913 | D:4      | Got an ancient helmet
  3917 | D:4      | Identified the +2 helmet of Prain {Dam+6 SInv} (You found it on level 4 of the Dungeon)
  3972 | D:4      | Found Qaaqurcha's General Store.
  3979 | D:4      | Bought a wand of draining (5) for 117 gold pieces
  3979 | D:4      | Bought a scroll of identify for 26 gold pieces
  4202 | D:4      | Found a glowing drain.
  4211 | Sewer    | Entered a sewer
  4259 | Sewer    | Reached XP level 7. HP: 36/36 MP: 9/24
  5010 | D:4      | Noticed Eustachio
  5019 | D:4      | Killed Eustachio
  5253 | D:5      | Entered Level 5 of the Dungeon
  5343 | D:5      | Got a shimmering long sword
  5348 | D:5      | Identified the +7,+8 long sword of Ofruycs {slice, rPois rF- MR++ Str+4 Dex+3} (You found it on level 5 of the Dungeon)
  5422 | D:5      | Reached skill level 7 in Spellcasting
  5485 | D:5      | Noticed Ijyb
  5495 | D:5      | Killed Ijyb
  5756 | D:5      | Reached XP level 8. HP: 41/41 MP: 13/26
  6749 | D:6      | Found Noufil's Weapon Emporium.
  7199 | D:6      | Reached skill level 8 in Spellcasting
  7255 | D:6      | Gained mutation: You are resistant to electric shocks. [potion of beneficial mutation]
  7521 | D:7      | Noticed Prince Ribbit
  7571 | D:7      | Killed Prince Ribbit
  7571 | D:7      | Reached skill level 5 in Dodging
  7571 | D:7      | Reached skill level 5 in Fire Magic
  7866 | D:7      | Reached XP level 9. HP: 45/45 MP: 13/29
  7998 | D:7      | Found a staircase to the Ecumenical Temple.
  8033 | D:7      | Noticed Pikel
  8066 | D:7      | Killed Pikel
  8066 | D:7      | Reached skill level 9 in Conjurations
  8790 | Temple   | Entered the Ecumenical Temple
  8846 | Temple   | Became a worshipper of Vehumet
  8917 | D:8      | Noticed Erolcha
  8926 | D:8      | Killed Erolcha
  8926 | D:8      | Reached skill level 10 in Conjurations
  9178 | D:8      | Reached XP level 10. HP: 50/50 MP: 26/31
  9721 | D:8      | Acquired Vehumet's first power
  9721 | D:8      | Offered knowledge of Shock by Vehumet.
  9721 | D:8      | Reached skill level 10 in Spellcasting
 10298 | D:8      | Reached skill level 11 in Conjurations
 10632 | D:9      | Demolished by a red devil

Action                   |  1- 3 |  4- 6 |  7- 9 | 10-12 || total
-------------------------+-------+-------+-------+-------++-------
Melee: Long sword        |       |       |    12 |       ||    12
       Falchion          |       |       |       |     3 ||     3
 Cast: Magic Dart        |    95 |   193 |   440 |   193 ||   921
       Mephitic Cloud    |       |     6 |    13 |    10 ||    29
       Conjure Flame     |       |     1 |    21 |     9 ||    31
       Blink             |       |       |     2 |     2 ||     4
Evoke: Wand              |       |       |     7 |     4 ||    11
  Use: Scroll            |       |    13 |     1 |     5 ||    19
       Potion            |       |     8 |     8 |       ||    16
 Stab: Confused          |       |       |     1 |       ||     1
